 Dungeon Crawl Stone Soup version 0.28.0-53-g5a82cb258f (webtiles) character file.

Game seed: 10836420912288583448

60 MiltankisOP the Magician (level 4, -1/32 HPs)
             Began as a Djinni Transmuter on June 17, 2022.
             Killed by nerve-wracking pain
             ... invoked by Grinder
              (13 damage)
             ... on level 3 of the Dungeon.
             The game lasted 00:02:18 (2029 turns).

MiltankisOP the Magician (Djinni Transmuter)        Turns: 2029, Time: 00:02:19

Health: -1/32      AC:  2    Str:  9    XL:     4   Next: 24%
Gold:   125        EV: 12    Int: 17    God:
                   SH:  0    Dex: 13

rFire   + + .      SeeInvis .     - Unarmed
rCold   x . .      Faith    .   (no shield)
rNeg    . . .      Spirit   .   a - +0 robe
rPois   ∞          Reflect  .   (helmet currently unavailable)
rElec   .          Harm     .   (no cloak)
rCorr   .          Rampage  .   (no gloves)
Will    .....                   (boots unavailable)
Stlth   +.........              (no amulet)
HPRegen 0.10/turn               (no ring)
MPRegen 0.00/turn               (no ring)

@: appendages, flying
A: horns 2, flying, sickness immunity, fire resistance 2, cold vulnerability 1,
float, innate caster, HP casting, extra vitality 1
a: End Transformation


You were on level 3 of the Dungeon.
You had temporarily grown beastly horns.
You visited 1 branch of the dungeon, and saw 3 of its levels.

You collected 125 gold pieces.

Inventory:

Armour
 a - a +0 robe (worn)
Jewellery
 h - a ring of fire
Wands
 k - a wand of digging (7)
Scrolls
 f - a scroll of summoning {unknown}
 g - a scroll of amnesia {unknown}
 j - 2 scrolls of identify {unknown}
Potions
 b - a potion of cancellation {unknown}
 c - a potion of heal wounds {unknown}
 d - a potion of mutation {unknown}
 e - a potion of attraction {unknown}
 i - 2 potions of curing {unknown}


   Skills:
 - Level 1.0 Fighting
 - Level 2.1 Dodging
 - Level 3.0 Unarmed Combat
 + Level 3.2 Spellcasting


You couldn't memorise any spells.
You knew the following spells:

 Your Spells              Type           Power      Damage    Failure   Level
a - Beastly Appendage     Tmut           26%        N/A       4%          1
b - Wereblood             Tmut           13%        N/A       7%          2
c - Spider Form           Tmut/Pois      13%        N/A       14%         3
d - Ice Form              Ice/Tmut       13%        N/A       41%         4
e - Apportation           Tloc           26%        N/A       4%          1
Your spell library was empty.

Dungeon Overview and Level Annotations

Branches:
Dungeon (3/15)

Altars:
Ashenzari

Annotations:
D:3 Grinder


Innate Abilities, Weirdness & Mutations

You have temporarily grown beastly horns.
You are flying.
You are immune to sickness and miasma.
You are immune to poison.
Your flesh is very heat resistant. (rF++)
You are vulnerable to cold. (rC-)
You float through the air rather than walking.
You learn spells naturally, not from books.
Your magical power is your life essence.
You have superior vitality. (+4 MHP)


Message History

You barely miss the orc. The orc hits you with a +0 hand axe.
You hit the orc.
The orc is severely wounded.
The orc hits you with a +0 hand axe.
You closely miss the orc.
The orc is severely wounded.
The orc hits you with a +0 hand axe.
You closely miss the orc.
The orc is severely wounded.
The orc barely misses you.
You hit the orc.
You kill the orc!
You hit the orc.
The orc is moderately wounded.
Your transformation is almost over.
The orc hits you with a +0 flail.
You closely miss the orc. You headbutt the orc.
The orc is heavily wounded.
The orc hits you with a +0 flail.
You hit the orc.
You kill the orc!
Your horns disappear.
There is a stone staircase leading up here.
The frilled lizard unfolds its giant frill.
The orc grunts to no one in particular.
The frilled lizard bites you.
Grinder comes into view.
Grinder shouts!
Grinder blinks!
Grinder blinks!
Casting: Beastly Appendage (safe; 4% risk of failure)
Confirm with . or Enter, or press ? or * to list all spells.
You grow a pair of large bovine horns.
The frilled lizard bites you.
You miss the frilled lizard. The frilled lizard closely misses you.
You barely miss the frilled lizard.
The frilled lizard bites you but does no damage.
You miss the frilled lizard. Grinder gestures at you.
Pain shoots through your body!
You die...

#########.##.
#..ol@...5...
#.#######....
#.# . #.# #.#
#.# #.# #.#
#.########


You could see Grinder, an orc and a frilled lizard.

Vanquished Creatures
  3 adders
  3 orcs (D:3)
  A ball python (D:1)
  5 bats
  4 endoplasms
  A giant cockroach (D:1)
  A hobgoblin (D:1)
  A quokka (D:1)
  2 frilled lizards
  3 goblins
  3 kobolds
27 creatures vanquished.

Notes
Turn   | Place    | Note
-------+----------+-------------------------------------------
     0 | D:1      | MiltankisOP the Djinni Transmuter began the quest for the
                  | Orb.
     0 | D:1      | Reached XP level 1. HP: 17/17 MP: 0/0
   290 | D:1      | Reached XP level 2. HP: 21/22 MP: 0/0
  1078 | D:2      | Reached XP level 3. HP: 24/27 MP: 0/0
  1078 | D:2      | Learned a level 1 spell: Apportation
  1543 | D:2      | Identified the +1 robe of Dithmenos's Esteem {-Cast Contam
                  | rElec Str+9}
  1601 | D:2      | Found a broken altar of Ashenzari.
  1721 | D:3      | Reached XP level 4. HP: 9/32 MP: 0/0
  2023 | D:3      | Noticed Grinder
  2029 | D:3      | Killed from afar by Grinder

Illustrated notes

Levels and vault maps discovered:
D:1:      mrwooster_arrival_statue_2, layout_basic,
          chequers_serial_rivers_small_b
D:2:      layout_basic, dk_vineyard_2, kennysheep_flooded_box
D:3:      layout_loops_ring, nicolae_gozag_cash_rules_everything_around_me,
          shapermc_ecumenical_altar_mp_highgroup, uniq_grinder

Skill      XL: |  1  2  3 |
---------------+----------+-----
Spellcasting   | 2 3 |  3.2
Fighting       | |  1.0
Dodging        | |  2.1
Unarmed Combat | |  3.0

Action                   |  1- 3 |  4- 6 || total
-------------------------+-------+-------++-------
Melee: Unarmed           |    77 |    21 ||    98
       Headbutt          |    12 |     3 ||    15
       Punch             |     1 |       ||     1
 Cast: Beastly Appendage |    16 |     2 ||    18
 Stab: Sleeping          |     1 |       ||     1
Armor: Robe              |    18 |     5 ||    23
Dodge: Dodged            |    59 |     8 ||    67
